 Dungeon Crawl Stone Soup version 0.29-a0-474-gdfe5cd140f (webtiles) character file.

Game seed: 2459262337855503442

15381 hquester the Corrupter of Planes (level 12, -11/95 HPs)
             Began as a Demonspawn Abyssal Knight on May 23, 2022.
             Was the Champion of Lugonu.
             Killed from afar by an oklob plant (32 damage)
             ... with a splash of acid
             ... on level 1 of the Lair of Beasts.
             The game lasted 00:43:36 (11120 turns).

hquester the Corrupter of Planes (DsAK)            Turns: 11120, Time: 00:43:37

Health: -11/95     AC: 16    Str: 21    XL:     12   Next: 0%
Magic:  20/20      EV:  9    Int:  8    God:    Lugonu [******]
Gold:   657        SH: 10    Dex: 14    Spells: 11/11 levels left

rFire   + + .      SeeInvis +   m - +6 mace "Zupas" {venom, rPois Str+3 Int-4 SInv}
rCold   . . .      Faith    .   C - +0 tower shield
rNeg    . . .      Spirit   .   R - +3 plate armour {rF+}
rPois   +          Reflect  .   (helmet restricted)
rElec   .          Harm     .   f - +2 cloak {Stlth+}
rCorr   .          Rampage  .   (no gloves)
Will    .....                   (no boots)
Stlth   ..........              t - amulet of regeneration
HPRegen 1.05/turn               y - +4 ring of protection
MPRegen 0.17/turn               G - ring of Jumig {rF+ EV+4}

@: corroded
A: horns 1, slimy green scales 3, powered by death 2, demonic magic 2
a: Renounce Religion, Depart the Abyss, Bend Space, Banish, Corrupt, Enter the
Abyss, Brand Weapon With Distortion


You were on level 1 of the Lair of Beasts.
You worshipped Lugonu.
Lugonu was exalted by your worship.
You visited 2 branches of the dungeon, and saw 11 of its levels.
You visited the Abyss 1 time.
You also visited: Sewer.

You collected 657 gold pieces.

Inventory:

Hand Weapons
 a - a +2 mace
 m - the +6 mace "Zupas" (weapon) {venom, rPois Str+3 Int-4 SInv}
   (You found it on level 3 of the Dungeon)

   It poisons the flesh of those it strikes.
   Str:       It affects your strength (+3).
   Int:       It affects your intelligence (-4).
   rPois:     It protects you from poison.
   SInv:      It lets you see invisible.
 F - a +1 morningstar
Armour
 e - an orb of wrath
 f - a +2 cloak of stealth (worn)
 C - a +0 tower shield (worn)
 R - a +3 plate armour of fire resistance (worn)
Jewellery
 t - an amulet of regeneration (around neck)
 y - a +4 ring of protection (left hand)
 G - the ring of Jumig (right hand) {rF+ EV+4}
   (You found it on level 7 of the Dungeon)

   [ring of evasion]

   EV:        It affects your evasion (+4).
   rF:        It protects you from fire.
 H - the amulet of Ottuzef {Faith Str+4}
   (You found it on level 7 of the Dungeon)

   [amulet of faith]

   It allows you to gain divine favour quickly.
   Str:       It affects your strength (+4).
 I - the amulet "Koiponi" {Acrobat rF+}
   (You found it on level 7 of the Dungeon)

   [amulet of the acrobat]

   It increases your evasion while moving and waiting.
   rF:        It protects you from fire.
 J - the ring "Oprabla" {rF+ rC- Str+5 Int+6}
   (You found it on level 7 of the Dungeon)

   [ring of intelligence]

   Str:       It affects your strength (+5).
   Int:       It affects your intelligence (+6).
   rF:        It protects you from fire.
   rC:        It makes you vulnerable to cold.
 K - a ring of magical power
Wands
 c - a wand of digging (12)
 p - a wand of flame (28)
 N - a wand of iceblast (4)
Scrolls
 b - 2 scrolls of poison
 i - a scroll of silence
 k - 2 scrolls of enchant weapon
 o - a scroll of fear
 q - 3 scrolls of magic mapping
 r - a scroll of teleportation
 B - a scroll of immolation
 E - a scroll of fog
 L - a scroll of amnesia
 O - a scroll of torment
Potions
 d - 2 potions of flight
 g - 4 potions of brilliance
 h - 7 potions of might
 j - 6 potions of lignification
 l - 4 potions of curing
 n - a potion of ambrosia
 s - 2 potions of attraction
 u - 2 potions of degeneration
 v - a potion of cancellation {unknown}
 w - 7 potions of invisibility
 x - 7 potions of heal wounds
 z - 2 potions of magic
 A - 2 potions of mutation
 P - a potion of haste {unknown}
 Q - a potion of berserk rage {unknown}


   Skills:
 + Level 9.3 Fighting
 + Level 8.3 Maces & Flails
 + Level 8.3 Armour
 + Level 8.2 Dodging
 * Level 0.0 Shields
 + Level 11.7 Invocations


You had 11 spell levels left.
You didn't know any spells.
Your spell library contained the following spells:

 Spells                   Type           Power      Damage    Failure   Level
 Ensorcelled Hibernation  Hex/Ice        0%         N/A       100%        2
 Passwall                 Tmut/Erth      0%         N/A       100%        2
 Poisonous Vapours        Pois/Air       0%         N/A       100%        2
 Inner Flame              Hex/Fire       0%         N/A       100%        3
 Swiftness                Air            0%         N/A       100%        3
 Cause Fear               Hex            0%         N/A       100%        4
 Corpse Rot               Necr/Pois/Air  0%         N/A       100%        4
 Fulminant Prism          Conj/Hex       0%         3d6       100%        4
 Iskenderun's Mystic Bla  Conj/Tloc      0%         2d3       100%        4
 Passage of Golubria      Tloc           0%         N/A       100%        4
 Lee's Rapid Deconstruct  Erth           0%         3d5*      100%        5
 Silence                  Hex/Air        0%         N/A       100%        5
 Discord                  Hex            0%         N/A       100%        8
 Lehudib's Crystal Spear  Conj/Erth      0%         10d2      100%        8


Dungeon Overview and Level Annotations

Branches:
Dungeon (10/15)            Temple (0/1) D:6            Lair (1/6) D:9
    Orc (0/2) D:10          Sewer (visited)

Altars:
Cheibriados
Dithmenos
Fedhas
Ru
Wu Jian
Xom

Shops:
D:7 [

Annotations:
Lair:1 exclusion: 2 oklob plants


Innate Abilities, Weirdness & Mutations

You have a pair of small horns on your head.
You are completely covered in slimy green scales. (AC +4, rPois)
You regenerate health from kills.
Spells you cast may paralyse nearby enemies.


Message History

You see here a black bear corpse.
Found a helmet.
Found 24 stones.
Found a tower shield.
You see here a +0 tower shield.
C - a +0 tower shield You start putting on your armour.
You continue putting on your +0 tower shield. x4
You finish putting on your +0 tower shield.
You see here a black bear corpse.
There is an escape hatch in the floor here.
Found a blossoming altar of Fedhas.
An oklob plant comes into view.
Found 16 gold pieces.
Marking area around an oklob plant as unsafe for travelling.
An oklob plant comes into view.
Found 15 gold pieces.
The oklob plant spits acid at you. The splash of acid hits you!!
Marking area around an oklob plant as unsafe for travelling.
The oklob plant spits acid at you. The splash of acid hits you!
The acid corrodes you!
You hit the oklob plant.
You headbutt the oklob plant, but do no damage.
The oklob plant is lightly damaged.
You sock the oklob plant!
The oklob plant is moderately damaged.
The oklob plant spits acid at you. The splash of acid hits you!!
The acid corrodes you! The oklob plant spits acid at you.
The splash of acid hits you!!
* * * LOW HITPOINT WARNING * * *
The acid corrodes you! The oklob plant spits acid at you.
You block the splash of acid.
You sock the oklob plant!
The oklob plant is heavily damaged.
The oklob plant spits acid at you. The splash of acid hits you!!
You die...

..##
###....###...#####
...##
####...#####....#
....# ##P....##
#...##
....####.†.####
##..##
........>### #...#
........## ♣♣♣♣♣
.....####
♣♣♣♣♣♣♣.♣♣ .....##
♣♣.$P♣♣.♣.♣
......# ♣._@♣
♣♣.♣♣ ......#
♣$$.♣♣♣.♣.♣
......#
♣P♣..♣.♣♣.♣##
......####
♣♣♣♣♣.♣.♣♣..#
#.....##.#
♣♣.♣♣♣♣.#
####....## ♣♣♣♣♣♣♣
#.#
###...####♣♣..#
##.#
##...#..##...#
#..#
##..>..#.....###
##.###


You could see 2 oklob plants.

Vanquished Creatures
  A hydra (D:8)
  2 boulder beetles (D:7)
  2 two-headed ogres
  An ugly thing (D:7)
  A cyclops (D:7)
  2 cane toads (Lair:1)
  Maggie (D:7)
  A komodo dragon (Lair:1)
  3 trolls (D:7)
  A polar bear (Lair:1)
  2 hornets
  A blink frog (Lair:1)
  4 wraiths (D:7)
  A steam dragon (D:7)
  A basilisk (D:7)
  14 yaks
  Grum (Lair:1)
  4 vampire mosquitoes (D:10)
  Menkaure (D:6)
  2 water moccasins (Lair:1)
  2 sky beasts
  2 ice beasts
  2 ogres
  4 black bears
  4 orc warriors
  3 centaurs
  4 wolves (Lair:1)
  6 kobold brigands
  6 bullfrogs
  A necrophage (D:6)
  4 scorpions
  A gnoll sergeant (D:7)
  5 wights
  5 killer bees
  7 howler monkeys
  7 hounds
  4 jellies
  Crazy Yiuf (D:3)
  5 orc priests
  3 iguanas
  Ijyb (D:3)
  15 orc wizards
  18 gnolls
  Robin (D:3)
  13 adders
  8 river rats
  2 shadow imps
  2 white imps
  2 ufetubi
  3 worms
  A dart slug (D:5)
  57 orcs
  4 endoplasms
  5 giant cockroaches
  14 goblins
  14 hobgoblins
  17 jackals
  2 quokkas
  6 ball pythons
  3 bats
  7 frilled lizards
  37 kobolds
  16 rats
370 creatures vanquished.

Vanquished Creatures (others)
  4 plants
4 creatures vanquished.

Grand Total: 374 creatures vanquished

Notes
Turn   | Place    | Note
-------+----------+-------------------------------------------
     0 | Abyss:1  | hquester the Demonspawn Abyssal Knight began the quest for
                  | the Orb.
     0 | Abyss:1  | Reached XP level 1. HP: 18/18 MP: 2/2
    11 | D:1      | Escaped the Abyss
   306 | D:1      | Reached skill level 1 in Dodging
   739 | D:1      | Gained mutation: You regenerate a little health from kills.
                  | [demonic ancestry]
   739 | D:1      | Reached XP level 2. HP: 21/24 MP: 4/4
  1110 | D:1      | Found a faded altar of an unknown god.
  1366 | D:1      | Reached skill level 3 in Invocations
  1366 | D:1      | Gained mutation: You are partially covered in slimy green
                  | scales. (AC +2) [demonic ancestry]
  1366 | D:1      | Reached XP level 3. HP: 25/29 MP: 5/5
  1499 | D:1      | Reached *** piety under Lugonu
  2180 | D:2      | Gained mutation: You are mostly covered in slimy green
                  | scales. (AC +3) [demonic ancestry]
  2180 | D:2      | Reached XP level 4. HP: 35/35 MP: 6/6
  2399 | D:3      | Noticed Robin
  2430 | D:3      | Noticed an ogre
  2707 | D:3      | Killed an ogre
  2708 | D:3      | Reached skill level 4 in Invocations
  2708 | D:3      | Gained mutation: You have a pair of small horns on your
                  | head. [demonic ancestry]
  2708 | D:3      | Reached XP level 5. HP: 19/42 MP: 6/8
  2883 | D:3      | Killed Robin
  2883 | D:3      | Reached **** piety under Lugonu
  2964 | D:3      | Gained mutation: Spells you cast may paralyse adjacent
                  | enemies. [demonic ancestry]
  2964 | D:3      | Reached XP level 6. HP: 24/48 MP: 9/9
  3261 | D:3      | Found a snail-covered altar of Cheibriados.
  3261 | D:3      | Found a sacrificial altar of Ru.
  3343 | D:3      | Found a shadowy altar of Dithmenos.
  3524 | D:3      | Noticed Ijyb
  3544 | D:3      | Killed Ijyb
  3633 | D:3      | Found an ornate altar of the Wu Jian Council.
  3877 | D:3      | Reached XP level 7. HP: 55/55 MP: 10/10
  3953 | D:3      | Found a runed translucent door.
  3954 | D:3      | Noticed Crazy Yiuf
  4003 | D:3      | Killed Crazy Yiuf
  4004 | D:3      | Reached skill level 5 in Invocations
  4008 | D:3      | Identified the +6 mace "Zupas" {venom, rPois Str+3 Int-4
                  | SInv}
  4374 | D:3      | Found a shimmering altar of Xom.
  4498 | D:4      | Reached ***** piety under Lugonu
  4755 | D:4      | Reached skill level 5 in Fighting
  4755 | D:4      | Reached skill level 6 in Invocations
  4755 | D:4      | Reached XP level 8. HP: 55/62 MP: 12/12
  5006 | D:5      | Entered Level 5 of the Dungeon
  5204 | D:5      | Found a glowing drain.
  5216 | Sewer    | Entered a sewer
  6123 | D:6      | Reached skill level 7 in Invocations
  6135 | D:6      | Found a staircase to the Ecumenical Temple.
  6176 | D:6      | Noticed Menkaure
  6181 | D:6      | Killed Menkaure
  6182 | D:6      | Reached skill level 5 in Maces & Flails
  6182 | D:6      | Reached skill level 5 in Armour
  6248 | D:6      | Gained mutation: You regenerate health from kills. [demonic
                  | ancestry]
  6248 | D:6      | Reached XP level 9. HP: 68/69 MP: 14/14
  6383 | D:6      | Reached skill level 5 in Dodging
  6399 | D:6      | Reached skill level 8 in Invocations
  6906 | D:7      | Found Qoadd's Armour Emporium.
  7074 | D:7      | Noticed Maggie
  7084 | D:7      | Killed Maggie
  7410 | D:7      | Gained mutation: Spells you cast may paralyse nearby
                  | enemies. [demonic ancestry]
  7410 | D:7      | Reached XP level 10. HP: 79/79 MP: 16/16
  7444 | D:7      | Reached ****** piety under Lugonu
  7512 | D:7      | Reached skill level 9 in Invocations
  7548 | D:7      | Found a runed translucent door.
  7548 | D:7      | Noticed a cyclops
  7550 | D:7      | Found a runed translucent door.
  7550 | D:7      | Found a runed translucent door.
  7597 | D:7      | Killed a cyclops
  7689 | D:7      | Noticed a boulder beetle
  7701 | D:7      | Killed a boulder beetle
  7702 | D:7      | Reached skill level 10 in Invocations
  7742 | D:7      | Noticed a brown ugly thing
  7958 | D:7      | Noticed a boulder beetle
  7979 | D:7      | Killed a boulder beetle
  8032 | D:7      | Gained mutation: You are completely covered in slimy green
                  | scales. (AC +4, rPois) [demonic ancestry]
  8032 | D:7      | Reached XP level 11. HP: 85/86 MP: 18/18
  8052 | D:7      | Killed a brown ugly thing
  8108 | D:7      | Identified the ring of Jumig {rF+ EV+4}
  8111 | D:7      | Identified the amulet of Ottuzef {Faith Str+4}
  8119 | D:7      | Identified the amulet "Koiponi" {Acrobat rF+}
  8122 | D:7      | Identified the ring "Oprabla" {rF+ rC- Str+5 Int+6}
  8584 | D:8      | You fall into a shaft and drop 2 floors!
  8584 | D:10     | Entered Level 10 of the Dungeon
  8736 | D:10     | Found a staircase to the Orcish Mines.
  9475 | D:9      | Noticed a two-headed ogre
  9491 | D:8      | Killed a two-headed ogre
  9508 | D:9      | Noticed a six-headed hydra
  9534 | D:8      | Killed a six-headed hydra
  9535 | D:8      | Reached skill level 11 in Invocations
  9605 | D:9      | Noticed a two-headed ogre
  9611 | D:9      | Killed a two-headed ogre
  9723 | D:9      | Found a staircase to the Lair.
 10438 | Lair:1   | Entered Level 1 of the Lair of Beasts
 10747 | Lair:1   | Noticed Grum
 10774 | Lair:1   | Killed Grum
 10941 | Lair:1   | Reached XP level 12. HP: 93/95 MP: 20/20
 11112 | Lair:1   | Found a blossoming altar of Fedhas.
 11120 | Lair:1   | Killed from afar by an oklob plant

Illustrated notes

Levels and vault maps discovered:
D:1:      psy_arrival_statuary, layout_basic,
          shapermc_ecumenical_altar_starsandcircs,
          chequers_serial_rivers_large_a, lexackson_kobold_supper
D:2:      layout_basic
D:3:      lemuel_castle_with_subvaults [lemuel_castle_interior_carwin_2],
          layout_loops_ring, nzn_wu_jian_contemplation,
          gammafunk_temple_overflow_claw, mainiacjoe_overflow_catwalk,
          uniq_robin, uniq_ijyb, uniq_crazy_yiuf_cottage
D:4:      layout_basic
D:5:      layout_gridville, portal_sewer_entry_d
D:6:      layout_gridville, minmay_temple_entry_overgrown, uniq_menkaure
D:7:      minmay_the_grid_triangle_9x9_rhombus_full
          [minmay_the_grid_triangle_9x9_from_above,
          minmay_the_grid_triangle_9x9_fully_insulated_deathbox,
          minmay_the_grid_triangle_9x9_alien,
          minmay_the_grid_triangle_9x9_flanged_cone,
          minmay_the_grid_triangle_9x9_impossible_snake,
          minmay_the_grid_triangle_9x9_negative_grid,
          minmay_the_grid_triangle_9x9_warning,
          minmay_the_grid_triangle_9x9_prize_special], layout_cave_pools,
          serial_shops, nicolae_shop_stone, hex_large, uniq_maggie
D:8:      layout_gridville
D:9:      layout_basic, lair_entry_dummy
D:10:     nicolae_cairo_tiling, layout_irregular_city, minmay_unpleasant_kobolds
Lair:1:   layout_cave_pods, minivault_23, hangedman_tree_tricks, pond,
          grunt_megastairs_5, uniq_grum

Skill      XL: |  1  2  3  4  5  6  7  8  9 10 11 |
---------------+----------------------------------+-----
Dodging        | 1 2 3 4 5 7 8 |  8.2
Armour         | 2 3 4 5 6 7 8 |  8.3
Maces & Flails | 2 3 4 5 6 7 8 |  8.3
Invocations    | 3 4 6 7 8 10 11 | 11.7
Fighting       | 4 5 7 8 9 |  9.3

Action                   |  1- 3 |  4- 6 |  7- 9 | 10-12 || total
-------------------------+-------+-------+-------+-------++-------
Melee: Mace              |   152 |   227 |   404 |   470 ||  1253
       Punch             |     1 |     2 |     9 |     8 ||    20
       Headbutt          |       |    36 |    70 |   114 ||   220
  Use: Scroll            |     5 |     2 |     8 |    12 ||    27
 Stab: Sleeping          |     1 |       |       |       ||     1
       Distracted        |       |     1 |       |       ||     1
Armor: Leather armour    |    27 |       |       |       ||    27
       Plate armour      |    40 |   254 |   348 |   336 ||   978
Dodge: Dodged            |    63 |    81 |   136 |   318 ||   598
Block: Tower shield      |       |       |       |     1 ||     1

Table legend: (Time is in decaauts)
 A = Elapsed time spent in this place.
 B = Non-inter-level travel time spent in this place.
 C = Inter-level travel time spent in this place.
 D = Time resting spent in this place.
 E = Time spent auto-exploring this place.
 F = Levels seen in this place.
 G = Mean time per level.
                   A        B        C        D        E       F      G
               +--------+--------+--------+--------+--------+-----+--------+
         Total |  11361 |  11027 |    334 |   1010 |   6802 |  13 |  873.9 |
       Dungeon |  10173 |   9840 |    333 |   1010 |   6090 |  10 | 1017.3 |
          Lair |    683 |    683 |      0 |      0 |    474 |   1 |  683.0 |
         Abyss |     11 |     11 |      0 |      0 |      2 |   1 |   11.0 |
         Sewer |    493 |    493 |      0 |      0 |    235 |   1 |  493.0 |
               +--------+--------+--------+--------+--------+-----+--------+

Top non-repeatable levels by time:
     D:3: 1946 daAuts
     D:1: 1743 daAuts
     D:7: 1495 daAuts
     D:2: 884 daAuts
     D:8: 882 daAuts
     D:9: 860 daAuts
     D:6: 778 daAuts
  Lair:1: 683 daAuts
     D:5: 575 daAuts
     D:4: 566 daAuts
   Sewer: 493 daAuts
    D:10: 440 daAuts
 Abyss:1: 11 daAuts
